 Dungeon Crawl Stone Soup version 0.30-a0-760-g5a9884bb7c (webtiles) character file.

Game seed: 15638630666581512374

100 theblackgale the Cudgeller (level 4, -2/37 HPs)
             Began as a Demonspawn Chaos Knight on Feb 10, 2023.
             Was a Plaything of Xom.
             Succumbed to a scorpion's poison
             ... on level 4 of the Dungeon.
             The game lasted 00:15:21 (1717 turns).

theblackgale the Cudgeller (DsCK)                   Turns: 1717, Time: 00:15:22

Health: -2/37      AC:  6    Str: 14 (15) XL:     4   Next: 47%
Magic:  4/4        EV: 11    Int: 13      God:    Xom [...*..]
Gold:   108        SH:  5    Dex:  9 (12) Spells: 3/3 levels left

rFire   . . .      SeeInvis .    a - +0 mace (chaos)
rCold   . . .      Faith    .    (no shield)
rNeg    . . .      Spirit   .    b - +3 leather armour
rPois   .          Reflect  +    (no helmet)
rElec   .          Harm     .    (no cloak)
rCorr   .          Rampage  .    (no gloves)
Will    +....                    (no boots)
Stlth   +                        h - amulet of reflection
HPRegen 0.26/turn                i - ring of willpower
MPRegen 0.09/turn                (no ring)

@: lethally poisoned (-2 -> -15)
A: hooves 1, powered by death 1, spiny 1
a: Renounce Religion


You were on level 4 of the Dungeon.
You worshipped Xom.
You were a favourite toy of Xom.
You visited 1 branch of the dungeon, and saw 4 of its levels.

You collected 108 gold pieces.

Inventory:

Hand Weapons
 a - a +0 mace of chaos (weapon)
 g - a +0 sling
Missiles
 d - 6 poisoned darts
Armour
 b - a +3 leather armour (worn)
Jewellery
 h - an amulet of reflection (around neck)
 i - a ring of willpower (left hand)
Scrolls
 e - a scroll of teleportation
Potions
 f - a potion of magic
 j - a potion of resistance
Miscellaneous
 c - a piece from Xom's chessboard (10/15) (quivered)


   Skills:
 + Level 3.7 Fighting
 + Level 3.8 Maces & Flails
 + Level 2.2 Armour
 + Level 1.4 Dodging
 + Level 0.3 Stealth


You had 3 spell levels left.
You didn't know any spells.
Your spell library contained the following spells:

 Spells                   Type           Power      Damage    Failure   Level
 Lesser Beckoning         Tloc           0%         N/A       50%         2
 Gell's Gravitas          Tloc           0%         N/A       75%         3
 Ozocubu's Armour         Ice            0%         N/A       75%         3
 Teleport Other           Tloc           0%         N/A       75%         3
 Animate Dead             Necr           0%         N/A       98%         4
 Borgnjor's Vile Clutch   Necr/Erth      0%         N/A       100%        5
 Death Channel            Necr           0%         N/A       100%        6
 Ozocubu's Refrigeration  Ice            0%         4d7       100%        7


Dungeon Overview and Level Annotations

Branches:
Dungeon (4/15)
 Temple: D:4-7

Altars:
Qazlal
Uskayaw
Xom


Innate Abilities, Weirdness & Mutations

You have large cloven feet.
You regenerate a little health from kills.
You are partially covered in sharp spines.


Message History

Found 12 gold pieces.
Found 14 gold pieces.
Found a stone staircase leading down.
You now have 108 gold pieces (gained 12).
A hobgoblin comes into view.
A scorpion comes into view.
Found 17 gold pieces.
The hobgoblin closely misses you.
You hit the hobgoblin.
You feel better.
The hobgoblin is moderately wounded. "This is how I like it!"
You swap places with the hobgoblin.
Some monsters swap places.
The hobgoblin hits you but does no damage.
The scorpion stings you.
You are poisoned.
The scorpion poisons you!
You make a move on Xom's chessboard...
The hobgoblin falls asleep!
You feel sick. The scorpion is struck by your spines.
The scorpion closely misses you.
You make a move on Xom's chessboard...
The hobgoblin shouts!
The hobgoblin falls asleep!
You feel sick. The scorpion misses you.
A hobgoblin comes into view.
You make a move on Xom's chessboard...
The hobgoblin struggles to resist.
You feel sick.
The hobgoblin shouts!
The scorpion stings you. The hobgoblin hits you.
The scorpion is struck by your spines. The scorpion stings you.
* * * LOW HITPOINT WARNING * * *
You are lethally poisoned!
The scorpion poisons you!
You make a move on Xom's chessboard...
The hobgoblin struggles to resist.
* * * LOW HITPOINT WARNING * * *
You feel very sick.
You are now a favourite toy of Xom.
The hobgoblin is struck by your spines. The hobgoblin closely misses you.
The scorpion stings you.
* * * LOW HITPOINT WARNING * * *
You make a move on Xom's chessboard...
The hobgoblin struggles to resist.
You die...
Xom thinks this is hilarious!

.. #........# ..
#$.......#
.##.g......# ....
.#........# .. .....
.........# #..# .....
#........# #....
...#.##........#
...#.##.##..#g@......#
......#.# #...s......#
........#####..#######
#.....<.###..##
##[.†.........#
#............#
#............###
#..............#
#............#.#


You could see a scorpion and 2 hobgoblins.

Vanquished Creatures
  A jelly (D:3)
  An adder (D:2)
  An ufetubus (D:4)
  2 worms (D:2)
  A dart slug (D:2)
  An orc (D:3)
  9 ball pythons
  2 bats
  An endoplasm (D:1)
  7 goblins
  5 hobgoblins
  2 jackals (D:4)
  A frilled lizard (D:1)
  8 kobolds
  3 rats
45 creatures vanquished.

Vanquished Creatures (others)
  2 plants (D:2)
2 creatures vanquished.

Grand Total: 47 creatures vanquished

Notes
Turn   | Place    | Note
-------+----------+-------------------------------------------
     0 | D:1      | theblackgale the Demonspawn Chaos Knight began the quest
                  | for the Orb.
     0 | D:1      | Reached XP level 1. HP: 18/18 MP: 1/1
    23 | D:1      | XOM: silly message
   244 | D:1      | XOM: butterfly on damage
   248 | D:1      | XOM: chaos upgrade
   251 | D:1      | Gained mutation: You are partially covered in sharp spines.
                  | [demonic ancestry]
   251 | D:1      | Reached XP level 2. HP: 15/24 MP: 2/2
   308 | D:1      | XOM: silly message
   314 | D:1      | XOM: god gift: 12 gold pieces
   665 | D:2      | Reached skill level 1 in Dodging
   747 | D:2      | Found a faded altar of an unknown god.
   883 | D:2      | Gained mutation: You regenerate a little health from kills.
                  | [demonic ancestry]
   883 | D:2      | Reached XP level 3. HP: 21/29 MP: 3/3
  1604 | D:3      | Found a stormy altar of Qazlal.
  1614 | D:3      | Found a hide-covered altar of Uskayaw.
  1643 | D:3      | Found a shimmering altar of Xom.
  1657 | D:3      | Gained mutation: You have large cloven feet. [demonic
                  | ancestry]
  1657 | D:3      | Reached XP level 4. HP: 11/37 MP: 4/4
  1672 | D:4      | XOM: swap monsters
  1709 | D:4      | Noticed a scorpion
  1712 | D:4      | XOM: swap monsters
  1716 | D:4      | HP: 1/37 [scorpion (4)]
  1717 | D:4      | Succumbed to a scorpion's poison

Illustrated notes

Levels and vault maps discovered:
D:1:      moated_graveyard_arrival, layout_loops_corners, minmay_misc_feat_tower
D:2:      layout_loops_corners, shapermc_ecumenical_altar_mp_urbaneastern,
          kennysheep_small_spiral, nicolae_kite_square_tiling_tiny,
          chequers_serial_rivers_micro_c
D:3:      layout_loops_cross, old_standard_altar, mainiacjoe_overflow_alcove_4,
          mainiacjoe_overflow_catch_the_wave
D:4:      layout_rooms, marbit_many_paths, nicolae_dithmenos_shadow_blocks,
          uniq_grinder, uniq_crazy_yiuf_cottage

Skill      XL: |  1  2 |
---------------+-------+-----
Maces & Flails | 3 |  3.8
Armour         | 2 |  2.2
Dodging        | 1 |  1.4
Fighting       | |  3.7
Stealth        | |  0.3

Action                     |  1- 3 |  4- 6 || total
---------------------------+-------+-------++-------
  Melee: Mace              |    83 |     8 ||    91
         Punch             |     1 |       ||     1
         Kick              |       |     1 ||     1
  Evoke: Piece from Xom's  |       |     5 ||     5
    Use: Scroll            |    10 |       ||    10
         Potion            |     5 |       ||     5
 Armour: Leather armour    |    25 |     1 ||    26
  Dodge: Dodged            |    39 |     9 ||    48
  Block: Other             |     4 |     5 ||     9

Table legend: (Time is in decaauts)
 A = Elapsed time spent in this place.
 B = Non-inter-level travel time spent in this place.
 C = Inter-level travel time spent in this place.
 D = Time resting spent in this place.
 E = Time spent auto-exploring this place.
 F = Levels seen in this place.
 G = Mean time per level.
                   A        B        C        D        E       F      G
               +--------+--------+--------+--------+--------+-----+--------+
         Total |   1745 |    432 |   1313 |    100 |      0 |   4 |  436.2 |
       Dungeon |   1745 |    432 |   1313 |    100 |      0 |   4 |  436.2 |
               +--------+--------+--------+--------+--------+-----+--------+

Top non-repeatable levels by time:
     D:2: 805 daAuts
     D:1: 628 daAuts
     D:3: 261 daAuts
     D:4: 49 daAuts
